Map: Oxide LE

Players

Krystianer

  • Race: Protoss Protoss

PtitDrogo - Winner!

  • Race: Protoss Protoss

Event: DreamHack SC2 Masters 2021 Winter

VOD

Have the link to the VOD?

Description

Time

  • Played on: Oct. 5, 2021, 1:56 p.m.
  • Length: 12:11

All games in this series

Show
View Real Time Build Order
Export as new Build Order

Krystianer Protoss 

Build Orders: Phoenix Opening, Mass Phoenix 

Get SALT Encoding   

  12  0:00  Probe  
  13  0:12  Probe  
  14  0:17  Pylon  
  14  0:24  Probe (Chrono Boost)  
  15  0:36  Probe (Chrono Boost)  
  15  0:39  Gateway  
  16  0:44  Probe (Chrono Boost)  
  16  0:46  Assimilator  
  17  0:50  Probe  
  18  1:03  Probe (Chrono Boost)  
  18  1:04  Assimilator  
  19  1:07  Pylon  
  20  1:12  Probe (Chrono Boost)  
  20  1:17  Probe (Chrono Boost)  
  21  1:26  Cybernetics Core  
  21  1:29  Probe  
  21  1:31  Zealot  
  24  1:41  Probe  
  25  1:53  Probe  
  26  2:05  Pylon  
  28  2:09  Stargate  
  28  2:13  Warp Gate  
  26  2:28  Adept, Nexus  
  28  2:32  Probe  
  29  2:38  Pylon  
  29  2:44  Probe  
  30  2:56  Phoenix (Chrono Boost)  
  32  3:00  Probe  
  33  3:06  Pylon  
  33  3:12  Probe  
  34  3:16  Shield Battery  
  34  3:18  Phoenix (Chrono Boost)  
  35  3:24  Probe  
  36  3:36  Phoenix  
  36  3:38  Probe (Chrono Boost)  
  39  3:44  Probe (Chrono Boost)  
  40  3:54  Probe (Chrono Boost)  
  40  3:55  Probe (Chrono Boost)  
  40  4:01  Stalker, Phoenix (Chrono Boost)  
  44  4:04  Probe  
  44  4:07  Probe  
  46  4:16  Probe  
  46  4:19  Probe  
  46  4:23  Phoenix (Chrono Boost)  
  49  4:25  Assimilator  
  49  4:28  Probe  
  49  4:29  Assimilator  
  49  4:31  Probe  
  49  4:40  Probe  
  49  4:41  Phoenix (Chrono Boost)  
  49  4:43  Probe  
  51  4:52  Probe  
  51  4:55  Probe  
  53  5:02  Stargate  
  53  5:05  Probe  
  53  5:06  Phoenix (Chrono Boost)  
  56  5:07  Probe  
  56  5:12  Pylon  
  57  5:17  Probe  
  57  5:19  Probe  
  59  5:23  Phoenix (Chrono Boost)  
  61  5:29  Probe  
  61  5:31  Fleet Beacon  
  61  5:32  Probe  
  63  5:42  Pylon  
  63  5:44  Phoenix (Chrono Boost)  
  63  5:48  Probe x2, Pylon  
  67  5:59  Phoenix  
  67  6:04  Phoenix  
  71  6:09  Anion Pulse-Crystals (Chrono Boost)  
  71  6:11  Shield Battery  
  71  6:22  Zealot  
  71  6:23  Probe  
  71  6:24  Phoenix  
  76  6:29  Phoenix  
  76  6:34  Probe  
  76  6:35  Probe  
  78  6:43  Nexus  
  78  6:49  Phoenix (Chrono Boost)  
  78  6:50  Sentry  
  82  6:54  Pylon  
  82  6:56  Probe  
  82  6:59  Probe  
  82  7:02  Phoenix (Chrono Boost)  
  76  7:08  Probe  
  76  7:11  Probe  
  78  7:20  Probe  
  78  7:21  Phoenix  
  81  7:23  Phoenix, Probe  
  84  7:33  Probe  
  84  7:34  Assimilator  
  84  7:35  Probe  
  86  7:37  Assimilator  
  86  7:45  Protoss Air Weapons Level 1 (Chrono Boost), Probe  
  86  7:48  Phoenix, Probe  
  90  7:57  Probe  
  91  7:59  Probe  
  91  8:00  Probe  
  91  8:02  Twilight Council  
  93  8:08  Gateway  
  93  8:09  Probe  
  93  8:11  Probe  
  93  8:12  Probe  
  96  8:13  Phoenix  
  98  8:20  Pylon  
  98  8:21  Probe  
  98  8:23  Probe  
  98  8:24  Probe  
  99  8:28  Gateway  
  99  8:30  Gateway  
  99  8:34  Probe  
  102  8:35  Probe  
  103  8:45  Dark Shrine  
  101  8:50  Probe  
  101  8:51  Probe  
  101  8:52  Phoenix x2  
  107  8:57  Gateway x2  
  107  9:00  Pylon  
  107  9:01  Gateway, Pylon  
  107  9:06  Probe  
  107  9:08  Shield Battery  
  108  9:17  Phoenix  
  108  9:19  Phoenix  
  112  9:25  Pylon  
  112  9:28  Probe x2  
  114  9:31  Pylon  
  114  9:50  Zealot  
  116  9:56  Probe  
  116  9:57  Dark Templar x6  
  133  10:07  Probe  
  133  10:08  Probe  
  133  10:10  Carrier (Chrono Boost)  
  143  10:17  Probe  
  143  10:19  Carrier (Chrono Boost)  
  144  10:22  Dark Templar  
  144  10:24  Probe  
  144  10:26  Probe  
  148  10:29  Probe  
  147  10:36  Probe  
  148  10:45  Probe x2  
  148  10:48  Probe (Chrono Boost)  
  137  10:57  Probe (Chrono Boost)  
  137  11:02  Probe (Chrono Boost)  
  118  11:06  Probe (Chrono Boost)  
  118  11:08  Probe (Chrono Boost)  
  116  11:12  Probe (Chrono Boost)  
  116  11:13  Phoenix (Chrono Boost), Probe x2 (Chrono Boost)  
  116  11:14  Phoenix (Chrono Boost)  
  102  11:21  Probe  
  102  11:24  Probe  
  102  11:25  Probe  
  93  11:27  Dark Templar  
  93  11:28  Dark Templar x3  
  105  11:33  Probe  
  105  11:38  Probe  
  85  11:51  Probe  
Show
View Real Time Build Order
Export as new Build Order

PtitDrogo Protoss - Winner!

Build Orders: Phoenix Opening, Mass Phoenix 

Get SALT Encoding   

  12  0:00  Probe  
  13  0:12  Probe  
  14  0:19  Pylon  
  14  0:24  Probe  
  15  0:37  Probe (Chrono Boost)  
  15  0:39  Gateway  
  16  0:47  Assimilator, Probe (Chrono Boost)  
  17  0:52  Probe (Chrono Boost)  
  17  0:56  Assimilator  
  18  1:03  Probe (Chrono Boost)  
  19  1:05  Pylon  
  19  1:13  Probe (Chrono Boost)  
  19  1:18  Probe (Chrono Boost)  
  21  1:31  Cybernetics Core  
  21  1:34  Probe  
  24  1:46  Probe  
  25  1:56  Nexus  
  25  1:58  Probe  
  24  2:09  Stargate  
  24  2:10  Probe  
  25  2:15  Pylon  
  25  2:24  Stalker  
  25  2:27  Probe  
  28  2:31  Warp Gate  
  28  2:36  Pylon  
  28  2:43  Probe  
  29  2:51  Phoenix (Chrono Boost)  
  29  2:55  Probe  
  31  3:07  Probe  
  31  3:08  Probe (Chrono Boost)  
  31  3:11  Phoenix (Chrono Boost)  
  36  3:21  Probe (Chrono Boost)  
  36  3:25  Probe (Chrono Boost)  
  37  3:28  Phoenix (Chrono Boost)  
  37  3:30  Probe (Chrono Boost)  
  37  3:33  Probe (Chrono Boost)  
  41  3:35  Probe  
  41  3:36  Assimilator  
  42  3:43  Probe  
  42  3:46  Assimilator  
  42  3:47  Probe  
  44  3:51  Phoenix  
  46  3:56  Probe  
  46  3:59  Probe  
  48  4:04  Pylon  
  48  4:05  Stargate  
  48  4:08  Probe  
  49  4:11  Probe  
  49  4:15  Phoenix (Chrono Boost)  
  52  4:20  Probe  
  52  4:23  Probe  
  52  4:25  Pylon  
  52  4:31  Phoenix (Chrono Boost)  
  52  4:32  Probe  
  52  4:35  Probe  
  56  4:40  Pylon  
  56  4:44  Probe  
  57  4:47  Probe  
  56  4:53  Phoenix (Chrono Boost)  
  56  4:56  Probe  
  56  4:59  Phoenix (Chrono Boost), Probe  
  62  5:01  Zealot  
  64  5:07  Shield Battery  
  64  5:08  Probe  
  64  5:11  Phoenix  
  64  5:13  Fleet Beacon  
  67  5:18  Probe  
  67  5:20  Probe  
  69  5:22  Phoenix  
  69  5:28  Pylon  
  71  5:30  Probe  
  71  5:32  Probe  
  71  5:34  Pylon  
  73  5:36  Phoenix  
  73  5:42  Probe  
  76  5:49  Phoenix  
  78  5:52  Nexus  
  78  5:54  Anion Pulse-Crystals (Chrono Boost)  
  78  5:55  Probe x2  
  80  6:04  Phoenix  
  82  6:07  Probe  
  82  6:08  Probe  
  84  6:15  Phoenix  
  86  6:19  Pylon  
  86  6:20  Pylon  
  86  6:25  Probe  
  86  6:27  Probe  
  86  6:28  Assimilator  
  86  6:31  Phoenix  
  89  6:33  Assimilator  
  89  6:37  Probe  
  89  6:39  Probe, Stargate  
  91  6:49  Probe  
  91  6:50  Shield Battery  
  91  6:53  Phoenix (Chrono Boost), Probe  
  95  7:01  Phoenix (Chrono Boost)  
  98  7:08  Probe  
  98  7:09  Probe  
  98  7:15  Probe  
  96  7:20  Probe  
  96  7:21  Probe  
  96  7:22  Phoenix x2 (Chrono Boost)  
  102  7:26  Pylon  
  102  7:27  Phoenix (Chrono Boost), Probe  
  102  7:29  Nexus  
  105  7:33  Pylon  
  109  7:45  Pylon  
  109  7:50  Pylon  
  109  7:57  Carrier (Chrono Boost)  
  117  8:00  Carrier (Chrono Boost)  
  117  8:01  Probe x2  
  117  8:05  Carrier (Chrono Boost)  
  118  8:08  Probe  
  118  8:09  Shield Battery  
  125  8:14  Assimilator  
  125  8:17  Probe x2  
  125  8:18  Pylon  
  125  8:19  Assimilator  
  127  8:24  Pylon  
  126  8:28  Probe  
  126  8:29  Shield Battery  
  126  8:30  Protoss Air Weapons Level 1  
  126  8:33  Forge  
  127  8:35  Shield Battery  
  127  8:38  Shield Battery  
  126  8:45  Carrier (Chrono Boost)  
  132  8:50  Phoenix (Chrono Boost)  
  132  8:51  Phoenix (Chrono Boost)  
  132  8:52  Probe x3  
  139  9:04  Mothership (Chrono Boost)  
  139  9:08  Phoenix  
  141  9:14  Pylon  
  141  9:15  Photon Cannon  
  149  9:21  Pylon  
  149  9:22  Pylon  
  149  9:25  Assimilator  
  149  9:27  Assimilator, Pylon  
  149  9:28  Carrier (Chrono Boost)  
  155  9:38  Photon Cannon  
  155  9:41  Shield Battery  
  163  9:48  Phoenix (Chrono Boost)  
  163  9:49  Shield Battery  
  163  10:05  Nexus  
  169  10:17  Stargate  
  169  10:18  Stargate  
  169  10:19  Stargate  
  167  10:23  Photon Cannon  
  167  10:25  Oracle (Chrono Boost)  
  159  10:31  Photon Cannon  
  159  10:33  Photon Cannon  
  159  10:34  Photon Cannon  
  156  10:39  Photon Cannon  
  129  10:59  Phoenix  
  107  11:22  Stargate  
  107  11:23  Phoenix  
  107  11:24  Stargate  
  107  11:25  Stargate x2  
  110  11:40  Probe  
  110  11:44  Pylon  
  102  11:59  Photon Cannon  
  100  12:06  Photon Cannon  

Tags
 
Add a new tag
Caveats
  • Supply blocks, unpowered buildings, or Contaminate may cause inaccurate times.
  • Supply counts are checked every 10 seconds.